 Dungeon Crawl Stone Soup version 0.17-a0-1840-g87820a2 (webtiles) character file.

52 akame the Ruffian (level 3, -2/30 HPs)
             Began as a Ghoul Gladiator on Sept 16, 2015.
             Slain by Robin
             ... wielding a +0 whip
              (3 damage)
             ... on level 2 of the Dungeon.
             The game lasted 00:09:18 (1776 turns).

akame the Ruffian (Ghoul Gladiator)                 Turns: 1776, Time: 00:09:18

Health: -2/30      AC:  9    Str: 19    XL:     3   Next: 85%
Magic:  2/2        EV:  8    Int:  3    God:
Gold:   116        SH:  0    Dex:  9    Spells: 0 memorised, 2 levels left

rFire  . . .     SeeInvis .       - Unarmed
rCold  + . .     Clarity  .     e - +0 chain mail
rNeg   + + +     SustAt   .     (no shield)
rPois  ∞         Gourm    .     b - +0 helmet
rElec  .         Spirit   .     (no cloak)
rCorr  .         Warding  .     (no gloves)
rMut   .         Stasis   .     (no boots)
MR     .....                    (no amulet)
Stlth  ..........               (no ring)
                                (no ring)

@: rotting, not resistant to hostile enchantments, extremely unstealthy
A: rotting body, claws 1, carnivore 3, cold resistance 1, negative energy
resistance 3, slow healing 1, torment resistance, unbreathing
a: no special abilities


You were on level 2 of the Dungeon.
You were not hungry.

You visited 1 branch of the dungeon, and saw 2 of its levels.

You collected 116 gold pieces.

Inventory:

Hand weapons
 g - a +0 whip
Missiles
 c - 3 throwing nets (quivered)
Armour
 a - a +0 leather armour
 b - a +0 helmet (worn)
 e - a +0 chain mail (worn)
 i - a +0 scale mail
Scrolls
 h - 2 scrolls of remove curse {unknown}
 j - a scroll of magic mapping {unknown}
 k - a scroll of identify
 l - a scroll of enchant weapon {unknown}
 m - 2 scrolls of fog {unknown}
Comestibles
 d - a meat ration
 n - 2 beef jerkies


   Skills:
 + Level 2.5 Fighting
 + Level 1.8 Throwing
 + Level 1.1 Armour
 + Level 3.3 Dodging
 + Level 3.7 Unarmed Combat


You had 2 spell levels left.
You didn't know any spells.

Dungeon Overview and Level Annotations

Branches:
Dungeon (2/15)

Altars:
Fedhas

Annotations:
D:2 Robin


Innate Abilities, Weirdness & Mutations

Your body is rotting away.
You thrive on raw meat.
You are immune to poison.
You have sharp fingernails.
You are carnivorous and can eat meat at any time.
Your flesh is cold resistant.
You are immune to negative energy.
You heal slowly when monsters are visible.
You are immune to unholy pain and torment.
You can survive without breathing.


Message History

Robin is lightly wounded.
Robin hits you but does no damage.
You closely miss Robin.
Robin is lightly wounded.
Robin closely misses you.
Your chain mail prevents you from hitting Robin.
Robin is lightly wounded.
Robin hits you with a whip.
* * * LOW HITPOINT WARNING * * *
You barely miss Robin.
Robin is lightly wounded.
Robin closely misses you.
Your chain mail prevents you from hitting Robin.
Robin is lightly wounded.
Robin hits you with a whip.
* * * LOW HITPOINT WARNING * * *
You scratch Robin.
Robin is lightly wounded.
Robin hits you with a whip.
You die...

.........#.
#..........
#.........#
#.........#
#.........#
#......# #....#
######....#
#...@gg####
#.####g# . ..
###.# ... #..s##
....S.##..g.####.#
#.#.gS...)_......#
# #.#####.(..##.##
##...# # #.### .#


You could see Robin and 2 hobgoblins.

Vanquished Creatures
  2 adders
  A giant cockroach (D:2)
  7 goblins
  6 hobgoblins
  2 jackals (D:1)
  A ball python (D:1)
  A bat (D:1)
  4 giant geckos (D:1)
  A giant newt (D:1)
  2 kobolds (D:1)
  3 rats
30 creatures vanquished.

Notes
Turn   | Place    | Note
--------------------------------------------------------------
     0 | D:1      | akame the Ghoul Gladiator began the quest for the Orb.
     0 | D:1      | Reached XP level 1. HP: 17/17 MP: 0/0
   437 | D:1      | Reached XP level 2. HP: 15/24 MP: 1/1
  1110 | D:1      | HP: 1/22 [jackal (2)]
  1616 | D:1      | Reached XP level 3. HP: 20/29 MP: 2/2
  1702 | D:2      | Found a blossoming altar of Fedhas.
  1708 | D:2      | Noticed Robin
  1741 | D:2      | Reached skill level 1 in Armour
  1775 | D:2      | HP: 1/30 [Robin/whip (2)]
  1776 | D:2      | Slain by Robin

Vault maps used:
D:1:      minmay_arrival_wavy_path, hangedman_abyss_or_decor_stabs,
          monster_avoids_cloud
D:2:      lemuel_doored_altar, nicolae_overflow_crystal_walls,
          lemuel_crystal_altar, ecumenical_altar_2, uniq_robin, uniq_natasha

Action                   || total
-------------------------++-------
Melee: Whip              ||   137
       Unarmed           ||    64
Throw: Throwing net      ||     1
  Use: Scroll            ||     1
       Potion            ||     2
  Eat: Chunk             ||     2
       Meat ration       ||     1
